 Dungeon Crawl Stone Soup version 0.32-a0-22-g6ae6769602 (webtiles) character file.

Game seed: 12386964663823925178

590 cforsyth the Ducker (level 7, -5/45 HPs)
             Began as a Djinni Alchemist on Jan 18, 2024.
             Killed from afar by Ijyb (14 damage)
             ... with a bolt of light
             ... on level 3 of the Dungeon.
             The game lasted 00:06:08 (3448 turns).

cforsyth the Ducker (Djinni Alchemist)              Turns: 3448, Time: 00:06:09

Health: -5/45      AC:  2    Str:  7    XL:     7   Next: 66%
Gold:   96         EV: 14    Int: 19    God:
                   SH:  0    Dex: 13

rFire   + + +        (no weapon)
rCold   x . .        (no shield)
rNeg    . . .        a - +0 robe
rPois   ∞            (helmet restricted)
rElec   .            (no cloak)
rCorr   .            (no gloves)
SInv    .            (boots unavailable)
Will    .....        (no amulet)
Stlth   +++          (no ring)
HPRegen 0.27/turn    (no ring)
MPRegen 0.00/turn

%: infuse magic (-6 HP)
@: mighty, flying
A: sickness immunity, fire resistance 3, cold vulnerability 1, float, innate
caster, HP casting, extra vitality 1, horns 1, subdued magic 1, inability to
read after injury 1
a: no special abilities


You were on level 3 of the Dungeon.
You visited 1 branch of the dungeon, and saw 3 of its levels.
You also visited: Sewer.

You collected 96 gold pieces.

Inventory:

Armour
 a - a +0 robe (worn)
Scrolls
 c - a scroll of blinking {unknown}
 f - 2 scrolls of identify {unknown}
 g - a scroll of vulnerability {unknown}
 j - 2 scrolls of teleportation {unknown}
 m - a scroll of fog {unknown}
 q - a scroll of summoning {unknown}
Potions
 d - a potion of brilliance
 h - a potion of invisibility
 k - a potion of mutation
 o - a potion of enlightenment


   Skills:
 + Level 5.2 Dodging
 + Level 4.2 Stealth
 + Level 4.6 Spellcasting
 + Level 4.6 Conjurations
 + Level 4.6 Hexes
 + Level 4.6 Summonings
 + Level 4.6 Necromancy
 + Level 4.6 Translocations
 + Level 4.6 Fire Magic
 + Level 4.6 Ice Magic
 + Level 4.6 Air Magic
 + Level 4.6 Earth Magic
 + Level 4.6 Alchemy


You knew the following spells:

 Your Spells              Type           Power      Damage    Failure   Level
a - Sting                 Conj/Alch      64%        1d7       1%          1
b - Mercury Vapours       Alch/Air       32%        N/A       2%          2
c - Mephitic Cloud        Conj/Alch/Air  16%        N/A       4%          3
d - Olgreb's Toxic Radia  Alch           16%        N/A       16%         4
e - Sticky Flame          Fire/Alch      16%        2d5       16%         4
f - Sandblast             Erth           32%        2d9       1%          1
g - Jinxbite              Hex            32%        N/A       2%          2
h - Hailstorm             Conj/Ice       16%        3d6       4%          3
Your spell library was empty.

Dungeon Overview and Level Annotations

Branches:
Dungeon (3/15)              Sewer (visited)

Altars:
Elyvilon
Zin
The Shining One

Annotations:
D:3 Ijyb


Innate Abilities, Weirdness & Mutations

You are immune to sickness and miasma.
You are immune to poison.
Your flesh is almost immune to the effects of heat. (rF+++)
You are vulnerable to cold. (rC-)
You float through the air rather than walking.
You learn spells naturally, not from books.
Your magical power is your life essence.
You have superior vitality. (+4 MHP)
You have a pair of small horns on your head.
Your spells are a little easier to cast, but a little less powerful.
You occasionally lose the ability to read scrolls when taking damage.


Message History

The bolt of light hits you but does no damage.
It was a potion of magic.
Magic washes over you without effect. Ijyb hits you but does no damage.
It was a potion of cancellation.
Your magical effects are unravelling.
You feel magically purged.
You feel less wooden.
Your +0 robe unmelds from your body.
You feel yourself slow down.
You flicker back into view.
You feel less confused.
You feel a little less clever now.
Your enlightenment fades.
Casting: Sting (safe; 1% risk of failure)
Confirm with . or Enter, or press ? or * to list all spells.
Aiming: Sandblast (safe; 1% risk of failure)
Press: ? - help, Shift-Dir - straight line, f/p - Ijyb
Aim: Ijyb, wielding a +0 club, wearing a +0 leather armour and carrying a wand of light (moderately wounded, 77% to hit)
The blast of sand hits Ijyb.
Ijyb is moderately wounded.
Ijyb hits you with a +0 club.
Ijyb zaps a wand.
The bolt of light hits you!
* * * LOW HITPOINT WARNING * * *
Casting: Sandblast (safe; 1% risk of failure)
Confirm with . or Enter, or press ? or * to list all spells.
Aiming: Sandblast (safe; 1% risk of failure)
Press: ? - help, Shift-Dir - straight line, f/p - Ijyb
Aim: Ijyb, wielding a +0 club, wearing a +0 leather armour and carrying a wand of light (moderately wounded, 77% to hit)
The blast of sand hits Ijyb!
Ijyb is severely wounded.
* * * LOW HITPOINT WARNING * * *
Ijyb hits you with a +0 club.
* * * LOW HITPOINT WARNING * * *
Casting: Sandblast (safe; 1% risk of failure)
Confirm with . or Enter, or press ? or * to list all spells.
You don't have enough health to cast this spell.
Unknown command.
It was a potion of might.
You feel very mighty all of a sudden. Ijyb completely misses you.
It was a potion of curing.
You feel better.
Ijyb zaps a wand.
The bolt of light hits you!
You die...

# .# ###. #..
#.#########
####..........
###########.............
..#......##.....@g......
..#......##.............
..#.......#.............
..#...............#....#
..#....................#
.......................#
.......................#
.....................###
.......###.........


You could see Ijyb.

Vanquished Creatures
  6 kobold brigands (Sewer)
  5 adders
  A gnoll (D:1)
  A river rat (Sewer)
  9 ribbon worms
  4 orcs (D:3)
  11 ball pythons
  6 endoplasms
  A giant cockroach (D:3)
  8 hobgoblins
  8 jackals
  A quokka (D:1)
  6 bats
  4 frilled lizards
  5 goblins
  13 kobolds
  9 rats
98 creatures vanquished.

Notes
Turn   | Place    | Note
-------+----------+-------------------------------------------
     0 | D:1      | cforsyth the Djinni Alchemist began the quest for the Orb.
     0 | D:1      | cforsyth set off with the following spells memorised:
                  | Sting, Mercury Vapours, Mephitic Cloud, Olgreb's Toxic
                  | Radiance, Sticky Flame.
     0 | D:1      | Reached XP level 1. HP: 15/15 MP: 0/0
   108 | D:1      | Reached XP level 2. HP: 6/21 MP: 0/0
   370 | D:1      | Reached XP level 3. HP: 24/25 MP: 0/0
   370 | D:1      | Learned a level 1 spell: Sandblast
   849 | D:1      | Reached skill level 3 in Dodging
  1291 | D:2      | Reached XP level 4. HP: 30/31 MP: 0/0
  1848 | D:2      | Found a faded altar of an unknown god.
  2168 | D:3      | Found a glowing golden altar of the Shining One.
  2168 | D:3      | Found a glowing silver altar of Zin.
  2168 | D:3      | Found a white marble altar of Elyvilon.
  2247 | D:3      | Reached XP level 5. HP: 26/35 MP: 0/0
  2247 | D:3      | Learned a level 2 spell: Jinxbite
  2409 | D:3      | Found a glowing drain.
  2431 | Sewer    | Entered a sewer
  2642 | Sewer    | Noticed a kobold brigand
  2642 | Sewer    | Noticed a kobold brigand
  2658 | Sewer    | Killed a kobold brigand
  2659 | Sewer    | Reached skill level 4 in Dodging
  2659 | Sewer    | Reached XP level 6. HP: 36/40 MP: 0/0
  2987 | Sewer    | Reached XP level 7. HP: 39/45 MP: 0/0
  2987 | Sewer    | Learned a level 3 spell: Hailstorm
  3159 | Sewer    | Reached skill level 5 in Dodging
  3432 | D:3      | Noticed Ijyb
  3438 | D:3      | Gained mutation: You have a pair of small horns on your
                  | head. [potion of mutation]
  3438 | D:3      | Gained mutation: You occasionally lose the ability to read
                  | scrolls when taking damage. [potion of mutation]
  3438 | D:3      | Gained mutation: Your spells are a little easier to cast,
                  | but a little less powerful. [potion of mutation]
  3438 | D:3      | Gained mutation: Your flesh is almost immune to the effects
                  | of heat. (rF+++) [potion of mutation]
  3446 | D:3      | HP: 1/45 [Ijyb/+0 club (4)]
  3448 | D:3      | Killed from afar by Ijyb

Illustrated notes

Levels and vault maps discovered:
D:1:      roderic_octagonal_star, layout_loops_corners, minivault_25
D:2:      layout_basic, chequers_ecumenical_altar_simple_redux, basic_altar
D:3:      minmay_razor_zed, layout_basic, good_gods_mini_temple,
          portal_sewer_entry_a, hangedman_glass_teeth, minmay_misc_feat_rugged,
          uniq_ijyb

Skill      XL: |  1  2  3  4  5  6  7 |
---------------+----------------------+-----
Stealth        | 2 3 4 |  4.2
Dodging        | 3 4 5 |  5.2
Spellcasting   | 4 |  4.6
Conjurations   | 4 |  4.6
Hexes          | 4 |  4.6
Summonings     | 4 |  4.6
Necromancy     | 4 |  4.6
Translocations | 4 |  4.6
Fire Magic     | 4 |  4.6
Ice Magic      | 4 |  4.6
Air Magic      | 4 |  4.6
Earth Magic    | 4 |  4.6
Alchemy        | 4 |  4.6

Action                     |  1- 3 |  4- 6 |  7- 9 || total
---------------------------+-------+-------+-------++-------
  Melee: Unarmed           |    17 |     1 |     1 ||    19
   Cast: Sting             |    51 |   116 |    42 ||   209
         Sandblast         |     1 |     6 |     2 ||     9
    Use: Potion            |       |       |    10 ||    10
 Armour: Robe              |    11 |    14 |     8 ||    33
         Skin              |       |       |     3 ||     3
  Dodge: Dodged            |    16 |    25 |    10 ||    51

Table legend: (Time is in decaauts)
 A = Elapsed time spent in this place.
 B = Non-inter-level travel time spent in this place.
 C = Inter-level travel time spent in this place.
 D = Time resting spent in this place.
 E = Time spent auto-exploring this place.
 F = Levels seen in this place.
 G = Mean time per level.
                   A        B        C        D        E       F      G
               +--------+--------+--------+--------+--------+-----+--------+
         Total |   3450 |   3387 |     63 |      7 |   2797 |   4 |  862.5 |
       Dungeon |   2492 |   2429 |     63 |      0 |   2044 |   3 |  830.7 |
         Sewer |    958 |    958 |      0 |      7 |    753 |   1 |  958.0 |
               +--------+--------+--------+--------+--------+-----+--------+

Top non-repeatable levels by time:
     D:1: 1232 daAuts
   Sewer: 958 daAuts
     D:2: 836 daAuts
     D:3: 423 daAuts
